 Dungeon Crawl Stone Soup version 0.29-a0-757-g358383bc75 (webtiles) character file.

Game seed: 14478549289775257906

1 Pooter the Shooter (level 1, 0/10 HPs)
             Began as a Spriggan Hunter on June 30, 2022.
             Slain by a gnoll
             ... wielding a +0 spear
              (4 damage)
             ... on level 1 of the Dungeon.
             The game lasted 00:01:38 (41 turns).

Pooter the Shooter (Spriggan Hunter)                  Turns: 41, Time: 00:01:38

Health: 0/10       AC:  2    Str:  7    XL:     1   Next: 16%
Magic:  2/2        EV: 17    Int: 10    God:
Gold:   0          SH:  0    Dex: 18    Spells: 0/0 levels left

rFire   . . .      SeeInvis +   a - +0 shortbow
rCold   . . .      Faith    .   (shield currently unavailable)
rNeg    . . .      Spirit   .   c - +0 robe
rPois   .          Reflect  .   (helmet restricted)
rElec   .          Harm     .   (no cloak)
rCorr   .          Rampage  .   (gloves unavailable)
Will    .....                   (boots unavailable)
Stlth   ++........              (no amulet)
HPRegen 0.03/turn               (no ring)
MPRegen 0.08/turn               (no ring)

@: very quick
A: very small, no large weapons, unfitting armour, see invisible, speed 3
a: no special abilities


You were on level 1 of the Dungeon.
You visited 1 branch of the dungeon, and saw 1 of its levels.

Inventory:

Hand Weapons
 a - a +0 shortbow (weapon)
 d - a +0 short sword
   (You found it on level 1 of the Dungeon)
Missiles
 Q - 6 stones
Armour
 c - a +0 robe (worn)
Scrolls
 b - a scroll of immolation {!r}


   Skills:
 + Level 1.5 Fighting
 + Level 4.8 Ranged Weapons
 + Level 2.7 Dodging
 * Level 1.7 Stealth


You couldn't memorise any spells.
You didn't know any spells.
Your spell library was empty.

Dungeon Overview and Level Annotations

Branches:
Dungeon (1/15)

Altars:


Innate Abilities, Weirdness & Mutations

You are very small and have problems with some larger weapons.
You are too small for most types of armour.
You have supernaturally acute eyesight. (SInv)
You cover ground extremely quickly. (Speed+++)


Message History

You shoot an arrow. The arrow hits the gnoll.
The gnoll shouts!
You shoot an arrow. The arrow hits the gnoll.
You shoot an arrow. The arrow barely misses the gnoll.
You shoot an arrow. The arrow closely misses the gnoll.
A frilled lizard comes into view.
You shoot an arrow.
The arrow hits the gnoll but does no damage.
The gnoll misses you.
You shoot an arrow. The arrow barely misses the gnoll.
The gnoll closely misses you.
The gnoll hits you from afar with a +0 spear.
You shoot an arrow. The arrow hits the gnoll.
The gnoll barely misses you.
You shoot an arrow.
The arrow hits the gnoll but does no damage.
The gnoll hits you from afar with a +0 spear.
* * * LOW HITPOINT WARNING * * *
A rat comes into view.
Found a short sword.
Found a stone staircase leading down.
You see here a +0 short sword.
d - a +0 short sword (weapon)
a - a +0 shortbow (weapon)
A bat comes into view.
Found a scroll labelled OGINLU JIUXI.
You are too injured to fight recklessly!
Fire: a) +0 shortbow
Aim: a bat (asleep)
You shoot an arrow. The arrow hits the bat.
You kill the bat!
Fire: a) +0 shortbow
Aim: a frilled lizard You shoot an arrow.
The arrow closely misses the frilled lizard.
Fire: a) +0 shortbow
Aim: a frilled lizard You shoot an arrow.
The arrow hits the frilled lizard.
You kill the frilled lizard!
Fire: a) +0 shortbow
Aim: a gnoll, wielding a +0 spear (severely wounded)
You shoot an arrow. The arrow hits the gnoll.
Fire: a) +0 shortbow
Aim: a gnoll, wielding a +0 spear (almost dead)
You shoot an arrow.
The arrow hits the gnoll but does no damage.
Fire: a) +0 shortbow
Aim: a gnoll, wielding a +0 spear (almost dead)
You shoot an arrow. The arrow completely misses the gnoll.
The gnoll hits you from afar with a +0 spear.
You die...

#.# #.# ## ## #.## #.#
.. .. #..#####.## .# #.
#.........# .# #.
##.†#####..##.#
#.##..#.....#..#.#
#.#.g#.......#...#
#...#....<....#l.#
#.#@.#.......#.g.#
#.>....#.....#..#....
........#..#####..l..##.
###.....##... ........#
#.....###.#...........
†......# ..$#.......##
.##.#.#.. ....#......##
#.#.##? .##......#.#
.r......#


You could see a gnoll.

Vanquished Creatures
  A bat (D:1)
  A frilled lizard (D:1)
2 creatures vanquished.

Notes
Turn   | Place    | Note
-------+----------+-------------------------------------------
     0 | D:1      | Pooter the Spriggan Hunter began the quest for the Orb.
     0 | D:1      | Reached XP level 1. HP: 10/10 MP: 2/2
    41 | D:1      | Slain by a gnoll

Illustrated notes

Levels and vault maps discovered:
D:1:      scummos_arrival_hexagon, layout_loops_ring,
          hellmonk_ecumenical_altar_inner_sanctum, minmay_close_crescents

Action                   || total
-------------------------++-------
 Fire: Shortbow          ||    14
Dodge: Dodged            ||     3

Table legend: (Time is in decaauts)
 A = Elapsed time spent in this place.
 B = Non-inter-level travel time spent in this place.
 C = Inter-level travel time spent in this place.
 D = Time resting spent in this place.
 E = Time spent auto-exploring this place.
 F = Levels seen in this place.
 G = Mean time per level.
                   A        B        C        D        E       F      G
               +--------+--------+--------+--------+--------+-----+--------+
         Total |     33 |     33 |      0 |      0 |      4 |   1 |   33.0 |
       Dungeon |     33 |     33 |      0 |      0 |      4 |   1 |   33.0 |
               +--------+--------+--------+--------+--------+-----+--------+

Top non-repeatable levels by time:
     D:1: 33 daAuts
